 Dungeon Crawl Stone Soup version 0.29.0-4-gdea44cf6ec (webtiles) character file.

Game seed: 6873497580010580827

5 qw the Chopper (level 1, -2/12 HPs)
             Began as a Tengu Warper on Aug 28, 2022.
             Slain by a quokka (3 damage)
             ... on level 1 of the Dungeon.
             The game lasted 00:00:01 (220 turns).

qw the Chopper (Tengu Warper)                        Turns: 220, Time: 00:00:01

Health: -2/12      AC:  3    Str: 11    XL:     1   Next: 80%
Magic:  4/4        EV: 11    Int: 13    God:
Gold:   19         SH:  0    Dex: 13    Spells: 4/4 levels left

rFire   . . .      SeeInvis .   a - +0 hand axe
rCold   . . .      Faith    .   (no shield)
rNeg    . . .      Spirit   .   b - +0 leather armour
rPois   .          Reflect  .   (helmet restricted)
rElec   .          Harm     .   (no cloak)
rCorr   .          Rampage  .   (no gloves)
Will    .....                   (boots unavailable)
Stlth   +.........              (no amulet)
HPRegen 0.04/turn               (no ring)
MPRegen 0.09/turn               (no ring)

@: no status effects
A: beak, talons 3
a: no special abilities


You were on level 1 of the Dungeon.
You visited 1 branch of the dungeon, and saw 1 of its levels.

You collected 19 gold pieces.


Innate Abilities, Weirdness & Mutations

You have a beak for a mouth.
You have claws for feet.


   Skills:
 - Level 2.0 Fighting
 + Level 2.8 Axes
 - Level 1.0 Throwing
 - Level 1.1 Armour
 - Level 2.1 Dodging
 - Level 2.0 Spellcasting
 - Level 2.4 Translocations


You had 4 spell levels left.
You didn't know any spells.
Your spell library contained the following spells:

 Spells                   Type           Power      Damage    Failure   Level
 Blink                    Tloc           14%        N/A       19%         2
 Gell's Gravitas          Tloc           7%         N/A       36%         3
 Lesser Beckoning         Tloc           7%         N/A       36%         3
 Teleport Other           Tloc           7%         N/A       36%         3
 Manifold Assault         Tloc           7%         N/A       98%         5

Inventory:

Hand Weapons
 a - a +0 hand axe (weapon)
Armour
 b - a +0 leather armour (worn)
 d - a +0 pair of gloves
Jewellery
 h - a +6 ring of strength
Scrolls
 c - a scroll of blinking
 f - a scroll of vulnerability {unknown}
 g - a scroll of noise {unknown}
 j - a scroll of silence {unknown}
Potions
 e - a potion of attraction {unknown}
 i - a potion of heal wounds {unknown}
 k - a potion of lignification {unknown}
 l - a potion of haste {unknown}
 m - a potion of curing {unknown}

Dungeon Overview and Level Annotations

Branches:
Dungeon (1/15)

Altars:


Message History

The jackal is lightly wounded.
The quokka bites you but does no damage.
You barely miss the jackal. Your kick misses the jackal.
The jackal is lightly wounded.
You hit the jackal. You barely miss the quokka.
The jackal bites you but does no damage.
The jackal barely misses you.
The jackal bites you but does no damage.
The quokka barely misses you.
You hit the jackal but do no damage.
The jackal is severely wounded.
You hit the quokka. You hit the jackal. The jackal bites you.
The jackal bites you but does no damage.
The quokka barely misses you. The jackal bites you.
You hit the jackal.
You kill the jackal!
You hit the quokka. You hit the jackal but do no damage.
The jackal closely misses you. The quokka bites you.
The jackal bites you but does no damage.
The quokka bites you. The jackal misses you.
You hit the quokka. Your kick misses the quokka. Your peck misses the quokka.
The quokka is almost dead.
You barely miss the jackal. x2
The jackal bites you. The jackal closely misses you.
The quokka barely misses you. The jackal barely misses you.
You closely miss the quokka. Your kick misses the quokka.
The quokka is almost dead.
You hit the jackal. x2
The jackal barely misses you.
The quokka twitches its whiskers.
The quokka barely misses you. The jackal bites you.
The jackal bites you but does no damage.
The quokka bites you but does no damage.
The jackal bites you but does no damage.
You miss the quokka.
The quokka is almost dead.
You barely miss the jackal. You closely miss the jackal. The jackal bites you.
The quokka bites you.
You die...

###### #....# #....#
### #....### ....
#......###### .....
#....#......#
......##...........#
#...h@.....####..#
###.rh...####....#
###..####......#
#####.......## ###
#.....###
##..####....##
......####...#
#....####.#
#........#


You could see a quokka and 2 jackals.

Vanquished Creatures
  A giant cockroach (D:1)
  A jackal (D:1)
  3 frilled lizards (D:1)
  A rat (D:1)
6 creatures vanquished.

Notes
Turn   | Place    | Note
-------+----------+-------------------------------------------
     0 | D:1      | qw the Tengu Warper began the quest for the Orb.
     0 | D:1      | Reached XP level 1. HP: 12/12 MP: 4/4
     0 | D:1      | 0 ||| qw: Version: 0.1-a-89-g26bdef1
     0 | D:1      | 0 ||| qw: Game counter: 2607
     0 | D:1      | 0 ||| qw: Always use a shield: true
     0 | D:1      | 0 ||| qw: God list: Okawaru
     0 | D:1      | 0 ||| qw: Allow faded altars: false
     0 | D:1      | 0 ||| qw: Do Orc after D:15 true
     0 | D:1      | 0 ||| qw: Do second Lair branch before Depths: true
     0 | D:1      | 0 ||| qw: Lair rune preference: random
     0 | D:1      | 0 ||| qw: Plans: Normal
     0 | D:1      | 0 ||| PLANNING D:1-11
    20 | D:1      | 20 ||| Stepping ~*~*~tactically~*~*~ (stealth).
   210 | D:1      | 210 ||| Stepping ~*~*~tactically~*~*~ (stealth).
   218 | D:1      | HP: 3/12 [jackal (1)]
   220 | D:1      | HP: 1/12 [jackal (2)]
   220 | D:1      | Slain by a quokka

Levels and vault maps discovered:
D:1:      dpeg_arrival_central, layout_rooms, serial_shops,
          nicolae_shop_waterfront, minmay_misc_feat_x

Action                   || total
-------------------------++-------
Melee: Hand axe          ||    10
       Kick              ||     1
Throw: Boomerang         ||     7
Armor: Leather armour    ||     8
Dodge: Dodged            ||    11

Table legend:
 A = Non-vault XP
 B = Vault XP
 C = Vault XP percentage of total XP
 D = Non-vault monster count
 E = Vault monster count
 F = Vault count percentage of total count
                 A         B        C        D         E       F
            +---------+---------+-------+---------+---------+-------
      Total |       8 |       0 |   0.0 |       6 |       0 |   0.0
            +---------+---------+-------+---------+---------+-------
        D:1 |       8 |       0 |   0.0 |       6 |       0 |   0.0
            +---------+---------+-------+---------+---------+-------
